 Dungeon Crawl Stone Soup version 0.29.1-1-gd02db6906a (webtiles) character file.

Game seed: 4449514594337095995

12618 NamelessHero the Jinx (level 11, -47/52 HPs)
             Began as a Felid Enchanter on Sept 28, 2022.
             Was an Elder of Dithmenos.
             Killed from afar by Azrael (48 damage)
             ... with a bolt of fire
             ... on level 2 of the Orcish Mines.
             The game lasted 02:00:56 (27488 turns).

NamelessHero the Jinx (Felid Enchanter)            Turns: 27488, Time: 02:00:57

Health: -47/52     AC:  7    Str:  4    XL:     11   Next: 64%
Magic:  24/24      EV: 27    Int: 18    God:    Dithmenos [****..]
Gold:   1279       SH:  0    Dex: 20    Spells: 13/26 levels left
                                        Lives:  0   Deaths: 3

rFire   . . .      SeeInvis +     - Unarmed
rCold   + . .      Faith    .   (shield unavailable)
rNeg    . . .      Spirit   .   (body armour unavailable)
rPois   .          Reflect  .   (helmet unavailable)
rElec   .          Harm     .   (cloak unavailable)
rCorr   .          Rampage  .   (gloves unavailable)
Will    +....                   (boots unavailable)
Stlth   ++++++++..              (no amulet)
HPRegen 0.17/turn               N - +4 ring of protection
MPRegen 0.19/turn               u - +4 ring of slaying

@: wreathed by umbra, invisible, quick
A: very small, claws 1, fangs 3, see invisible, speed 1, shaggy fur 3, stealthy
paws, no weapons or thrown items, no armour, multi-lived
a: Renounce Religion, Shadow Step


You were on level 2 of the Orcish Mines.
You worshipped Dithmenos.
Dithmenos was greatly pleased with you.
You visited 4 branches of the dungeon, and saw 18 of its levels.
You also visited: Bailey and Gauntlet.

You collected 1708 gold pieces.
You spent 429 gold pieces at shops.

Inventory:

Jewellery
 g - the ring of Gozag's Respect {Fly Dex+2}
   (You found it in a Gauntlet)

   [ring of flight]

   Dex:       It affects your dexterity (+2).
   Fly:       It grants you flight.
 t - a ring of magical power
 u - a +4 ring of slaying (right paw)
 K - a ring of positive energy
 L - a ring of flight
 N - a +4 ring of protection (left paw)
Wands
 o - a wand of acid (20)
 y - a wand of paralysis (4)
 z - a wand of digging (5)
 G - a wand of flame (18)
 I - a wand of polymorph (2)
 J - a wand of roots (15)
Scrolls
 b - 2 scrolls of enchant weapon {unknown}
 d - 2 scrolls of butterflies
 f - 5 scrolls of immolation
 h - 2 scrolls of silence
 m - 5 scrolls of noise
 p - 4 scrolls of magic mapping
 q - 6 scrolls of teleportation
 r - 4 scrolls of poison
 v - 3 scrolls of fear
 A - a scroll of blinking
 C - a scroll of torment
 F - a scroll of vulnerability {unknown}
 H - 2 scrolls of amnesia
 M - a scroll of identify {@r1}
Potions
 c - 3 potions of resistance {unknown}
 e - 10 potions of heal wounds {@q2}
 i - 3 potions of mutation {unknown}
 j - a potion of might {unknown}
 k - 2 potions of ambrosia
 l - 3 potions of magic
 n - 9 potions of curing {@q1}
 s - 4 potions of cancellation {unknown}
 w - 4 potions of flight
 x - 5 potions of attraction {unknown}
 B - a potion of haste {unknown}
 D - 4 potions of berserk rage
 E - 4 potions of brilliance


   Skills:
 + Level 8.6 Fighting
 + Level 11.6 Dodging
 + Level 12.8 Stealth
 + Level 8.7 Unarmed Combat
 + Level 8.2 Spellcasting
 + Level 12.9 Hexes
 - Level 4.0 Transmutations
 - Level 4.0 Earth Magic
 + Level 3.8 Evocations


You had 13 spell levels left.
You knew the following spells:

 Your Spells              Type           Power      Damage    Failure   Level
a - Confusing Touch       Hex            52%        N/A       1%          3
b - Ensorcelled Hibernat  Hex/Ice        60%        N/A       1%          2
c - Tukima's Dance        Hex            52%        N/A       1%          3
d - Passwall              Tmut/Erth      17%        N/A       2%          2
e - Stone Arrow           Conj/Erth      28%        3d8       13%         3

Your spell library contained the following spells:

 Spells                   Type           Power      Damage    Failure   Level
 Sandblast                Erth           42%        2d11      1%          1
 Dazzling Flash           Conj/Hex       60%        N/A       1%          3
 Leda's Liquefaction      Hex/Erth       18%        N/A       3%          4
 Necrotise                Necr           28%        1d5       10%         1
 Static Discharge         Conj/Air       7%         3-4/arc   14%         2
 Ignite Poison            Fire/Tmut/Pois 12%        N/A       17%         3
 Call Canine Familiar     Summ           7%         N/A       28%         3
 Conjure Flame            Conj/Fire      7%         6-21      28%         3
 Ice Form                 Ice/Tmut       14%        N/A       38%         4
 Animate Dead             Necr           7%         N/A       67%         4
 Dispel Undead            Necr           7%         3d8       67%         4
 Hailstorm                Conj/Ice       7%         3d4       67%         4
 Sticky Flame             Conj/Fire      7%         2d3       67%         4
 Agony                    Necr           7%         N/A       95%         5
 Fireball                 Conj/Fire      3%         3d4       95%         5
 Iskenderun's Battlesphe  Conj           7%         2d6       95%         5
 Conjure Ball Lightning   Conj/Air       3%         3x3d6     100%        6
 Death Channel            Necr           3%         N/A       100%        6
 Simulacrum               Ice/Necr       3%         N/A       100%        6
 Haunt                    Necr/Summ      3%         N/A       100%        7
 Orb of Destruction       Conj           3%         9d5       100%        7
 Infestation              Necr           3%         N/A       100%        8
 Portal Projectile        Hex/Tloc       Unusable   N/A       N/A         3

Dungeon Overview and Level Annotations

Branches:
Dungeon (11/15) Zot: 25336  Temple (1/1) D:6 Zot: 5939    Lair (4/5) D:8 Zot: 25532
  Snake (0/4) Lair:2          Orc (2/2) D:11 Zot: 10772  Bailey (visited)
Gauntlet (visited)
  Swamp: Lair:2-3    Shoals: Lair:2-3     Slime: Lair:4-5       Elf: Orc:2

Altars:
Ashenzari
Cheibriados
Dithmenos
Elyvilon
Fedhas
Gozag
Hepliaklqana
Kikubaaqudgha
Makhleb
Nemelex Xobeh
Okawaru
Qazlal
Ru
Sif Muna
Trog
Uskayaw
Vehumet
Wu Jian
Xom
Yredelemnul
Zin
The Shining One

Shops:
D:8 !

Annotations:
D:11 Gastronok
Lair:3 exclusion: 3 oklob plants
Orc:2 Azrael


Innate Abilities, Weirdness & Mutations

You have sharp claws.
You have razor-sharp teeth.
You have supernaturally acute eyesight. (SInv)
You cover ground quickly. (Speed+)
Your thick and shaggy fur keeps you warm. (AC +3, rC+)
Your paws help you pounce on unaware monsters.
You are incapable of wielding weapons or throwing items.
You cannot wear armour.
You gain extra lives every three experience levels.


Message History

There is a stone staircase leading up here.
You fade into invisibility!
The orc priest closely misses you.
You pounce on the helpless orc priest from behind!
You eviscerate the orc priest!!!
You kill the orc priest!
Dithmenos accepts your kill.
Really walk into that cloud of flame? [Y]es or [N]o only, please.
Really walk into that cloud of flame?
Okay, then.
The fire elemental hits you. The fire elemental burns you!
The fire elemental misses you.
You claw the fire elemental! x2; Your bite misses the fire elemental.
The fire elemental is heavily damaged.
The fire elemental completely misses you.
You catch the helpless fire elemental completely off-guard!
You eviscerate the fire elemental!!!
You destroy the fire elemental!
Dithmenos accepts your kill.
You scratch Azrael but do no damage.
You catch the helpless Azrael completely off-guard!
You mangle Azrael!!
Azrael is moderately wounded.
Azrael hits you with a +0 scimitar of flaming!
Azrael burns you.
You claw Azrael!
Azrael is heavily wounded.
Azrael barely misses you.
You scratch Azrael.
Azrael is heavily wounded.
Azrael howls in rage.
Azrael completely misses you.
You barely miss Azrael.
Azrael is heavily wounded.
You pounce on the helpless Azrael from behind!
You mangle Azrael!! You claw Azrael.
Azrael is almost dead.
Azrael gestures at you.
The sphere of damnation explodes!
The damnation engulfs you!!
Ouch! That really hurt!
* * * LOW HITPOINT WARNING * * *
You emit a cloud of dark smoke.
The damnation engulfs Azrael.
Azrael completely resists.
You scratch Azrael. You bite Azrael, but do no damage.
Azrael is almost dead.
Azrael gestures at you. The bolt of fire hits you!!!
Ouch! That really hurt!
You die...

##..............#.
#...............#.
##.............#..
#...............#.
##.............##
###...........##
##.#............#
#...§§§.#..........
##.#R@§.....#......
##.§§§.$..#<......
##§§§...#....._..
##..............
#..............
#..#...#..
...##.###. #.## ..


You could see Azrael (unable to see you).

Vanquished Creatures
  2 hydras (Lair:3)
  A ghost crab (Gauntlet)
  A centaur warrior (D:8)
  2 two-headed ogres
  An anaconda (Lair:4)
  4 black mambas
  12 elephants
  3 torpor snails (Lair:2)
  A gargoyle (D:9)
  2 cane toads
  An unseen horror (D:11)
  A rime drake (Lair:4)
  Psyche (D:8)
  2 komodo dragons
  2 ice devils (Lair:4)
  A hornet (D:8)
  5 trolls
  Prince Ribbit (D:6)
  3 wyverns
  2 wraiths
  A shadow (D:9)
  16 yaks
  3 fire elementals
  3 basilisks
  A steam dragon (D:8)
  A chaos spawn (Gauntlet)
  9 water moccasins
  5 hell hounds
  A sky beast (D:7)
  5 orc warriors
  An ice beast (D:8)
  3 ogres
  3 centaurs
  6 wolves
  A phantom (D:5)
  A kobold brigand (D:8)
  9 gnoll sergeants (Bailey)
  10 bullfrogs
  A necrophage (D:6)
  6 scorpions
  13 wights
  An electric eel (Lair:1)
  2 howler monkeys
  3 jellies
  7 orc priests
  4 hounds
  Crazy Yiuf (D:2)
  8 gnoll boudas
  13 orc wizards
  6 iguanas
  A mummy (D:6)
  Robin (D:2)
  25 gnolls
  11 adders
  A shadow imp (D:8)
  A white imp (D:7)
  4 ufetubi
  A worm (D:3)
  3 dart slugs
  43 orcs
  3 endoplasms
  3 giant cockroaches
  20 goblins
  13 hobgoblins
  4 jackals (D:1)
  4 quokkas
  7 ball pythons
  5 bats
  2 frilled lizards (D:3)
  A goblin zombie (D:6)
  9 kobolds
  An orc zombie (D:6)
  7 rats
362 creatures vanquished.

Vanquished Creatures (collateral kills)
  An orc warrior (D:10)
  A centaur (D:8)
  A wight (D:8)
  An orc wizard (D:11)
  2 gnolls (D:11)
  4 orcs (D:10)
10 creatures vanquished.

Vanquished Creatures (others)
  5 dancing weapons
  28 fungi
  59 plants
92 creatures vanquished.

Grand Total: 464 creatures vanquished

Notes
Turn   | Place    | Note
-------+----------+-------------------------------------------
     0 | D:1      | NamelessHero the Felid Enchanter began the quest for the
                  | Orb.
     0 | D:1      | Reached XP level 1. HP: 7/7 MP: 4/4
   583 | D:1      | Reached XP level 2. HP: 12/12 MP: 6/6
   754 | D:1      | Found a faded altar of an unknown god.
  1637 | D:1      | Reached XP level 3. HP: 15/15 MP: 7/7
  1641 | D:1      | Learned a level 3 spell: Confusing Touch
  1644 | D:1      | Learned a level 2 spell: Ensorcelled Hibernation
  1912 | D:2      | Reached skill level 1 in Fighting
  2165 | D:2      | Noticed Robin
  3117 | D:2      | Reached XP level 4. HP: 12/19 MP: 5/8
  3250 | D:1      | Reached skill level 5 in Hexes
  3678 | D:1      | Reached XP level 5. HP: 5/22 MP: 0/10
  4281 | D:2      | Reached skill level 5 in Stealth
  4404 | D:2      | Found an ornate altar of the Wu Jian Council.
  4428 | D:2      | Found a runed translucent door.
  4429 | D:2      | Noticed Crazy Yiuf
  4796 | D:2      | Killed from afar by an orc wizard
  4797 | D:2      | Reached XP level 4. HP: -1/19 MP: 9/9
  4965 | D:2      | Reached XP level 5. HP: 22/22 MP: 7/10
  5275 | D:2      | Killed Robin
  5504 | D:2      | Killed Crazy Yiuf
  6659 | D:3      | Found a burning altar of Makhleb.
  7222 | D:4      | Gained mutation: You are covered in thick fur. (AC +2)
                  | [Felid growth]
  7222 | D:4      | Reached XP level 6. HP: 27/27 MP: 11/11
  7258 | D:4      | Learned a level 3 spell: Tukima's Dance
  7261 | D:4      | Learned a level 2 spell: Passwall
  7285 | D:5      | Entered Level 5 of the Dungeon
  7365 | D:5      | Found an opulent altar of Gozag.
  7367 | D:5      | Got the Disquisition on the Mutated Grave
  7373 | D:5      | Found a radiant altar of Vehumet.
  7376 | D:5      | Found an ancient bone altar of Kikubaaqudgha.
  7604 | D:5      | Reached skill level 1 in Transmutations
  7604 | D:5      | Reached skill level 1 in Earth Magic
  7604 | D:5      | Reached XP level 7. HP: 30/30 MP: 13/13
  7822 | D:5      | Reached skill level 5 in Dodging
  7902 | D:5      | Noticed a two-headed ogre
  9161 | D:5      | Reached XP level 8. HP: 34/34 MP: 14/14
  9340 | D:6      | Found a staircase to the Ecumenical Temple.
  9350 | Temple   | Entered the Ecumenical Temple
  9416 | Temple   | Became a worshipper of Dithmenos the Shadowed
  9855 | D:6      | Noticed Prince Ribbit
 10202 | D:6      | Killed Prince Ribbit
 11887 | D:7      | Reached XP level 9. HP: 39/39 MP: 16/16
 12071 | D:7      | Reached * piety under Dithmenos
 12539 | D:7      | You fall into a shaft and drop 1 floor!
 12619 | D:8      | Found a staircase to the Lair.
 12833 | D:8      | Reached skill level 5 in Unarmed Combat
 12833 | D:8      | Reached skill level 5 in Spellcasting
 12881 | D:8      | Found a flagged portal.
 12891 | Bailey   | Entered a bailey
 13476 | Bailey   | Reached skill level 5 in Fighting
 13804 | Bailey   | Reached ** piety under Dithmenos
 13839 | Bailey   | Reached XP level 10. HP: 44/44 MP: 18/18
 14379 | D:8      | Found Reuf Ytae's Distillery.
 14392 | D:8      | Bought a potion of heal wounds for 55 gold pieces
 14392 | D:8      | Bought a potion of magic for 88 gold pieces
 14392 | D:8      | Bought a potion of berserk rage for 55 gold pieces
 14392 | D:8      | Bought a potion of flight for 33 gold pieces
 14392 | D:8      | Bought a potion of curing for 33 gold pieces
 14392 | D:8      | Bought a potion of brilliance for 44 gold pieces
 14392 | D:8      | Bought a potion of heal wounds for 55 gold pieces
 14392 | D:8      | Bought a potion of curing for 33 gold pieces
 14392 | D:8      | Bought a potion of curing for 33 gold pieces
 14561 | D:7      | Found a hide-covered altar of Uskayaw.
 15800 | D:8      | Noticed Psyche
 15992 | D:8      | Killed Psyche
 16421 | D:8      | Noticed a centaur warrior
 16478 | D:8      | Killed a centaur warrior
 16977 | D:9      | Reached skill level 10 in Hexes
 16992 | D:9      | Reached skill level 10 in Stealth
 17124 | D:9      | Reached XP level 11. HP: 49/49 MP: 21/21
 17323 | D:9      | Reached *** piety under Dithmenos
 17414 | D:9      | Found a stormy altar of Qazlal.
 17592 | D:9      | Noticed a two-headed ogre
 17619 | D:9      | Killed a two-headed ogre
 18038 | D:10     | Entered Level 10 of the Dungeon
 18061 | D:10     | Noticed a two-headed ogre
 18085 | D:10     | Killed a two-headed ogre
 18200 | D:10     | Identified the +11 war axe "Concordance" {venom, Str-3
                  | Int+3 Stlth+}
 18539 | D:10     | Identified the +0 robe "Ziux" {rElec rN+}
 19175 | D:11     | Noticed a boulder beetle
 19587 | D:11     | Found a staircase to the Orcish Mines.
 19940 | D:11     | Noticed Gastronok
 20109 | Lair:1   | Entered Level 1 of the Lair of Beasts
 20641 | Lair:1   | Reached skill level 10 in Dodging
 21761 | Lair:2   | Reached **** piety under Dithmenos
 21888 | Lair:2   | You fall into a shaft and drop 2 floors!
 21900 | Lair:4   | Found a gate leading to a gauntlet.
 21900 | Lair:4   | Noticed an anaconda
 21905 | Gauntlet | Entered a Gauntlet
 21905 | Gauntlet | Found a transporter.
 21905 | Gauntlet | Found a transporter.
 21905 | Gauntlet | Found a transporter.
 21907 | Gauntlet | Found a transporter.
 21907 | Gauntlet | Found a transporter.
 21909 | Gauntlet | Noticed a necromancer
 21910 | Gauntlet | Found a transporter.
 21922 | Gauntlet | Found a transporter.
 21922 | Gauntlet | Found a transporter.
 21923 | Gauntlet | Found a transporter.
 21925 | Gauntlet | Found a transporter.
 21927 | Gauntlet | Noticed a ghost crab
 21929 | Gauntlet | Noticed a death scarab
 21933 | Gauntlet | Found a transporter.
 21933 | Gauntlet | Found a transporter.
 21937 | Gauntlet | Noticed a death scarab
 22324 | Gauntlet | Identified the ring of Gozag's Respect {Fly Dex+2}
 22457 | Gauntlet | Killed a ghost crab
 22458 | Gauntlet | Gained mutation: Your thick and shaggy fur keeps you warm.
                  | (AC +3, rC+) [Felid growth]
 22458 | Gauntlet | Reached XP level 12. HP: 16/54 MP: 24/24
 22690 | Gauntlet | Identified the +8 eveningstar of Symmetry {antimagic, rN+
                  | rCorr}
 22690 | Gauntlet | Noticed a minotaur
 22957 | Lair:4   | Noticed a boulder beetle
 23170 | Lair:4   | Noticed an anaconda
 23568 | Lair:4   | Slain by a black mamba
 23569 | Lair:4   | Reached XP level 11. HP: -1/51 MP: 29/32
 23684 | Lair:4   | Reached skill level 1 in Evocations
 23723 | Lair:4   | Killed an anaconda
 23886 | Lair:4   | Slain by an elephant
 23887 | Lair:4   | Reached XP level 10. HP: 0/48 MP: 16/31
 24008 | Lair:4   | Killed an elephant
 24014 | Lair:4   | Killed an elephant
 24017 | Lair:4   | Killed an elephant
 24019 | Lair:4   | Killed an elephant
 24083 | Lair:4   | Killed a black mamba
 24492 | Lair:3   | Noticed a five-headed hydra
 24544 | Lair:3   | Killed a five-headed hydra
 24545 | Lair:3   | Reached XP level 11. HP: 48/51 MP: 22/23
 24640 | Lair:3   | Noticed a five-headed hydra
 24644 | Lair:3   | Killed a five-headed hydra
 24669 | Lair:3   | Noticed an oklob plant
 24675 | Lair:3   | Noticed an oklob plant
 24675 | Lair:3   | Noticed an oklob plant
 24719 | Lair:3   | Noticed a death yak
 24726 | Lair:3   | Noticed a death yak
 24908 | Lair:3   | Noticed a death yak
 25161 | Lair:2   | Found a snail-covered altar of Cheibriados.
 25213 | Lair:2   | Found a staircase to the Snake Pit.
 25514 | Lair:3   | Noticed a death yak
 26075 | Orc:1    | Entered Level 1 of the Orcish Mines
 26467 | Orc:2    | Entered Level 2 of the Orcish Mines
 26491 | Orc:2    | Learned a level 3 spell: Stone Arrow
 26502 | Orc:2    | Noticed Azrael
 27487 | Orc:2    | HP: 1/52 [Azrael/damnation (29)]
 27488 | Orc:2    | Killed from afar by Azrael

Illustrated notes

Levels and vault maps discovered:
D:1:      dpeg_arrival_more_subterranean_lakeside_camping, layout_basic,
          shapermc_ecumenical_altar_ellora
D:2:      cheibrodos_pilgrimage, layout_rooms, basic_altar,
          uniq_crazy_yiuf_cottage, uniq_robin
D:3:      layout_basic, mainiacjoe_overflow_concentric_impassable
D:4:      layout_cave_pools, serial_glass, glass_columns_b, glass_columns_a,
          lemuel_flame_loot_1
D:5:      minmay_thinvault, layout_loops_ring, minmay_overflow_temple_star_quad,
          lightli_corner_chamber
D:6:      layout_loops_cross, minmay_temple_entry_gardened_gates,
          nicolae_ossuary_entry_giza, uniq_prince_ribbit1
D:7:      layout_loops_corners, lemuel_round_altar, hangedman_decor_growths,
          chequers_serial_rivers_micro_d
D:8:      minmay_polygon_palace, layout_basic, erik_lair_dragon, serial_shops,
          shop, enter_bailey_8, uniq_psyche
D:9:      layout_loops_corners, amcnicky_altar_gilded
D:10:     layout_cave_pods, dk_noncrumbling_2
D:11:     layout_cave_pods, david_orc_3, uniq_gastronok, uniq_sonja
Temple:   nicolae_temple_x_marks_the_god
Lair:1:   layout_misc_corridors, chequers_serial_rivers_room_b,
          infiniplex_staircase_pool, grunt_megastairs_4
Lair:2:   layout_chaotic_city, dummy_snake_entry, kennysheep_snail_temple
Lair:3:   layout_loops_ring, minmay_shoals_entry_lonely_mermaid, special_room
          [special_room_bee], serial_bayou_pond_c, disabler_island,
          grunt_megastairs_2, infiniplex_staircase_pool_2, uniq_urug
Lair:4:   beast_lair_carwin_large_4, layout_cave_pods,
          dpeg_slime_entry_enclosed, portal_ice_cave_demonic_guard,
          gauntlet_entry_generic
Orc:1:    layout_caves, led_sif_book
Orc:2:    pf_orc_diabolical, layout_caves, nicolae_volcano_entry_s_turn,
          basic_altar, uniq_azrael, uniq_maurice

Skill      XL: |  1  2  3  4  5  6  7  8  9 10 11 |
---------------+----------------------------------+-----
Dodging        | 3 4 5 6 7 11 10 | 11.6
Fighting       | 1 2 3 4 5 6 8 |  8.6
Hexes          | 5 6 7 8 10 12 | 12.9
Unarmed Combat | 2 3 4 5 6 8 |  8.7
Stealth        | 5 6 7 8 10 12 | 12.8
Spellcasting   | 3 4 5 6 8 |  8.2
Transmutations | 1 2 3 4 |  4.0
Earth Magic    | 1 2 3 4 |  4.0
Evocations     | 2 3 |  3.8

Action                   |  1- 3 |  4- 6 |  7- 9 | 10-12 || total
-------------------------+-------+-------+-------+-------++-------
Melee: Unarmed           |   109 |   119 |   160 |   344 ||   732
       Punch             |     1 |       |     5 |    23 ||    29
       Bite              |     2 |    14 |    15 |    39 ||    70
 Cast: Ensorcelled Hiber |    35 |    69 |   116 |   261 ||   481
       Confusing Touch   |     1 |     3 |    14 |    27 ||    45
       Tukima's Dance    |       |       |       |    33 ||    33
       Passwall          |       |       |       |     4 ||     4
       Stone Arrow       |       |       |       |    10 ||    10
  Use: Potion            |       |     1 |     1 |     1 ||     3
       Scroll            |       |       |       |    12 ||    12
 Stab: Sleeping          |    30 |    53 |    69 |   133 ||   285
       Confused          |     1 |     1 |    10 |    19 ||    31
       Invisible         |       |     1 |     3 |     4 ||     8
Armor: Skin              |     9 |    10 |     3 |    21 ||    43
Dodge: Dodged            |    62 |    87 |   142 |   408 ||   699
